 Dungeon Crawl Stone Soup version 0.28-a0-948-gee6e0bcda6 (console) character file.

Game seed: 16454386246575686307

16 CannotBeFrozen the Slasher (level 2, -2/24 HPs)
             Began as a Demigod Warper on Nov 30, 2021.
             Slain by a goblin (10 damage)
             ... on level 1 of the Dungeon.
             The game lasted 00:03:33 (1095 turns).

CannotBeFrozen the Slasher (Demigod Warper)         Turns: 1095, Time: 00:03:34

Health: -2/24      AC:  3    Str: 12    XL:     2   Next: 24%
Magic:  7/7        EV: 11    Int: 15    God:
Gold:   0          SH:  0    Dex: 13    Spells: 2/4 levels left

rFire   . . .      SeeInvis .   a - +0 falchion
rCold   . . .      Faith    .   (no shield)
rNeg    + . .      Spirit   .   b - +0 leather armour
rPois   .          Reflect  .   (no helmet)
rElec   .          Harm     .   (no cloak)
rCorr   .          Rampage  .   (no gloves)
Will    .....                   (no boots)
Stlth   +.........              (no amulet)
HPRegen 0.08/turn               k - ring of positive energy
MPRegen 0.10/turn               (no ring)

@: no status effects
A: high mp 1, forlorn
a: no special abilities


You were on level 1 of the Dungeon.
You visited 1 branch of the dungeon, and saw 1 of its levels.

Inventory:

Hand Weapons
 a - a +0 falchion (weapon)
Missiles
 d - 5 boomerangs of dispersal {=f =F}
Armour
 b - a +0 leather armour (worn)
Jewellery
 k - a ring of positive energy (left hand)
Scrolls
 c - 2 scrolls of blinking
 f - a scroll of noise {unknown}
Potions
 e - a potion of ambrosia {unknown}
 g - 2 potions of invisibility {unknown}
 i - 2 potions of cancellation {unknown}
 j - a potion of brilliance {unknown}


   Skills:
 - Level 1.7 Fighting
 + Level 2.8 Long Blades
 - Level 0.8 Throwing
 - Level 0.8 Armour
 - Level 1.7 Dodging
 - Level 1.7 Spellcasting
 - Level 2.6 Translocations


You had 2 spell levels left.
You knew the following spells:

 Your Spells              Type           Power      Damage    Failure   Level
b - Blink                 Tloc           18%        N/A       14%         2

Your spell library contained the following spells:

 Spells                   Type           Power      Damage    Failure   Level
 Magic Dart               Conj           4%         1d3       28%         1
 Call Imp                 Summ           1%         N/A       41%         2
 Gell's Gravitas          Tloc           9%         N/A       28%         3
 Lesser Beckoning         Tloc           9%         N/A       28%         3
 Teleport Other           Tloc           9%         N/A       28%         3
 Mephitic Cloud           Conj/Pois/Air  1%         N/A       65%         3
 Manifold Assault         Tloc           9%         N/A       95%         5


Dungeon Overview and Level Annotations

Branches:
Dungeon (1/15)

Shops:
D:1 *

Annotations:
D:1 exclusion: goblin


Innate Abilities, Weirdness & Mutations

Your attributes grow dramatically as you level up.
You have an increased reservoir of magic. (+10% MP)
You shall have no god before yourself.


Message History

You throw a stone. The stone closely misses the kobold.
The stone hits the goblin.
The goblin is heavily wounded.
The kobold hits you with a +0 club.
HP: 18/24 (-4) =========--- !
You throw a stone. The stone barely misses the kobold.
The stone misses the goblin.
The kobold barely misses you. The kobold hits you but does no damage.
You throw a stone. The stone hits the kobold.
The kobold is severely wounded.
The kobold hits you with a +0 club.
HP: 15/24 (-3) =======----- !
You throw a stone. The stone closely misses the kobold.
The stone hits the goblin.
The goblin is severely wounded.
The kobold hits you with a +0 club.
HP: 13/24 (-2) ======------ You throw a stone.
The stone hits the kobold but does no damage.
The kobold is severely wounded.
The kobold hits you with a +0 club.
* * * LOW HITPOINT WARNING * * *
HP: 12/24 (-1) ======------ You are too injured to fight recklessly!
Throw: stone
Press: ? - help, Q - select action Shift-Dir - straight line, f/p - kobold
Aim: a kobold, wielding a +0 club and quivering stones (severely wounded, 47% to hit)
You throw a stone.
The stone hits the kobold but does no damage.
The kobold is severely wounded.
The kobold hits you with a +0 club.
* * * LOW HITPOINT WARNING * * *
HP: 8/24 (-4) ====-------- !
The kobold throws a stone.
The stone closely misses you.
The kobold throws a stone.
The stone hits you but does no damage.
The kobold throws a stone.
The stone barely misses you. The kobold hits you with a +0 club.
* * * LOW HITPOINT WARNING * * *
HP: 8/24 (-1) ====-------- You barely miss the goblin.
The goblin is severely wounded.
The goblin hits you but does no damage.
You are electrocuted!
You die...

#.# #.##.# ### #......#
#.######.##.###.## #.####.#
.......#.##.##...#########.# #.#
#.####.#.##.#..............####.########
..## #.#.##.##...#########..........(..#
#..###.#.##.###.## #........##.#.#
##..........# #.# #.###..#.##.#.#
#..####..#..# #.####### #.# #..#>##.#.#
..## #..#..###.......# #[# #..#.##.#.#
...####..#).##........####.###..#.##.#.#
..........#.....#####((((.Kg@...#......#
#........###.#### #.####.####.#.##.###
##.####.## ##...# #. ###.####.#.##.#
#..# #..###.##.# #. g.....^....##.#####
...# #.#.#.###.# ## #####.............#
.#.# #.##..# #.# ########.##.#.##.###.#
.#.# #.###.###.## #.).........#.##.# #.#
.#.# #.# #.##...####.######.####..#.#
#.# .#)# #.# #.#.....##...# #.# #..#.#
#.# .#.####.###..........#.# #.# #..#.#
#.# .[..............>.##...# #.# #..#.#
#.#


You could see a goblin and a kobold.

Vanquished Creatures
  3 endoplasms (D:1)
  A hobgoblin (D:1)
  3 kobolds (D:1)
  2 quokkas (D:1)
  A ball python (D:1)
  2 frilled lizards (D:1)
  2 goblins (D:1)
14 creatures vanquished.

Notes
Turn   | Place    | Note
-------+----------+-------------------------------------------
     0 | D:1      | CannotBeFrozen the Demigod Warper began the quest for the
                  | Orb.
     0 | D:1      | Reached XP level 1. HP: 17/17 MP: 5/5
   298 | D:1      | Found Vunuge's Assorted Antiques.
   567 | D:1      | Reached XP level 2. HP: 15/24 MP: 7/7
   683 | D:1      | Learned a level 2 spell: Blink
  1095 | D:1      | Slain by a goblin

Illustrated notes

Levels and vault maps discovered:
D:1:      eino_arrival_water_cross, layout_loops_ring,
          dreamdust_ecumenical_altar_angels_and_demons, serial_shops, shop,
          minmay_strange_pillars

Skill      XL: |  1 |
---------------+----+-----
Long Blades    | 2 |  2.8
Fighting       | |  1.7
Throwing       | |  0.8
Armour         | |  0.8
Dodging        | |  1.7
Spellcasting   | |  1.7
Translocations | |  2.6

Action                   || total
-------------------------++-------
Melee: Falchion          ||    47
Throw: Stone             ||    12
Armor: Leather armour    ||    12
Dodge: Dodged            ||    21

Table legend: (Time is in decaauts)
 A = Elapsed time spent in this place.
 B = Non-inter-level travel time spent in this place.
 C = Inter-level travel time spent in this place.
 D = Time resting spent in this place.
 E = Time spent auto-exploring this place.
 F = Levels seen in this place.
 G = Mean time per level.
                   A        B        C        D        E       F      G
               +--------+--------+--------+--------+--------+-----+--------+
         Total |   1104 |   1104 |      0 |    131 |    726 |   1 | 1104.0 |
       Dungeon |   1104 |   1104 |      0 |    131 |    726 |   1 | 1104.0 |
               +--------+--------+--------+--------+--------+-----+--------+

Top non-repeatable levels by time:
     D:1: 1104 daAuts
